 Dungeon Crawl Stone Soup version 0.19.0 (webtiles) character file.

191 tyranidshit the Skirmisher (level 5, -2/47 HPs)
             Began as a Demonspawn Abyssal Knight on Nov 1, 2016.
             Was a Believer of Lugonu.
             Killed by a spatial distortion (4 damage)
             ... on level 3 of the Dungeon.
             The game lasted 00:06:57 (1408 turns).

tyranidshit the Skirmisher (DsAK)                   Turns: 1408, Time: 00:06:57

Health: -2/47      AC: 11    Str: 13    XL:     5   Next: 42%
Magic:  6/6        EV:  3    Int: 13    God:    Lugonu [**....]
Gold:   164        SH:  0    Dex: 13    Spells: 0 memorised, 4 levels left

rFire  . . .     SeeInvis .     a - +2 hand axe
rCold  . . .     Gourm    .     g - +0 plate armour
rNeg   . . .     Faith    .     (no shield)
rPois  .         Spirit   .     (no helmet)
rElec  .         Reflect  .     (no cloak)
rCorr  .         Harm     .     (no gloves)
MR     .....                    (no boots)
Stlth  ..........               (no amulet)
                                (no ring)
                                (no ring)

@: very slightly contaminated
A: claws 2, rugged brown scales 1
a: Depart the Abyss, Bend Space, Renounce Religion


You were on level 3 of the Dungeon.
You worshipped Lugonu.
Lugonu was pleased with you.
You were not hungry.

You visited 1 branch of the dungeon, and saw 3 of its levels.
You visited the Abyss 1 time.

You collected 164 gold pieces.

Inventory:

Hand Weapons
 a - a +2 hand axe (weapon)
Armour
 b - a +0 leather armour
 g - a +0 plate armour (worn)
Scrolls
 c - a scroll of remove curse
 d - 2 scrolls of identify
Comestibles
 f - 4 fruits
 h - a royal jelly


   Skills:
 + Level 6.2 Fighting
 - Level 1.7 Axes
 - Level 1.7 Armour
 - Level 0.8 Dodging
 - Level 2.4 Invocations


You had 4 spell levels left.
You didn't know any spells.

Dungeon Overview and Level Annotations

Branches:
Dungeon (3/15)

Altars:
Elyvilon
Vehumet
Yredelemnul


Innate Abilities, Weirdness & Mutations

You have very sharp fingernails.
You are partially covered in rugged brown scales. (AC +1, +3% HP)


Message History

You barely miss the orc. The orc priest hits you with a mace.
The bat hits you but does no damage. The orc hits you but does no damage.
Unknown command.
You hit the orc priest.
The orc priest is severely wounded.
Your plate armour prevents you from hitting the orc.
The bat hits you but does no damage.
The orc priest begins to cast a cantrip, but forgets the words!
The orc hits you with a hand axe.
* * * LOW HITPOINT WARNING * * *
The orc priest barely misses you.
You hit the orc priest but do no damage.
The orc priest is severely wounded.
You hit the orc. The bat hits you but does no damage.
The orc barely misses you.
The orc priest calls down the wrath of Beogh upon you.
Beogh smites you!
* * * LOW HITPOINT WARNING * * *
Space bends around you!
You blink.
You die...

######.###
#..........=. #.$b.
....... #..###.......
###..#........ #.#
#.§o........# #.#
#.#o........### #.#
#.#..†......... #.#
##.#....@.......
#.#####.#.............
#.#...)###......#.....
#.#.###<#......#...###
#)#.# #.#..#.##...#
#.#.####.#..#.##..#
#.(........[..##.<#
###.###...........#
#.# #.......†...#


You could see an orc priest and an orc.

Vanquished Creatures
  7 gnolls (D:2)
  4 adders
  2 oozes (D:1)
  2 dart slugs (D:1)
  3 leopard geckos
  4 orcs (D:3)
  6 giant cockroaches
  12 goblins
  6 hobgoblins
  A jackal (D:1)
  6 bats
  2 frilled lizards (D:2)
  2 gnoll zombies (D:2)
  8 kobolds
  5 rats
70 creatures vanquished.

Notes
Turn   | Place    | Note
-------+----------+-------------------------------------------
     0 | Abyss:1  | tyranidshit the Demonspawn Abyssal Knight began the quest for the Orb.
     0 | Abyss:1  | Reached XP level 1. HP: 18/18 MP: 2/2
    71 | Abyss:1  | Noticed a quasit
    94 | Abyss:2  | Noticed a hungry ghost
   130 | Abyss:2  | Noticed a hellwing
   136 | D:1      | Escaped the Abyss
   173 | D:1      | Gained mutation: You have sharp fingernails. [demonic ancestry]
   173 | D:1      | Reached XP level 2. HP: 15/24 MP: 3/3
   246 | D:1      | Reached skill level 4 in Fighting
   300 | D:1      | Gained mutation: You have very sharp fingernails. [demonic ancestry]
   300 | D:1      | Reached XP level 3. HP: 13/30 MP: 4/4
   318 | D:1      | Reached * piety under Lugonu
   882 | D:2      | Reached skill level 5 in Fighting
   882 | D:2      | Reached XP level 4. HP: 19/39 MP: 5/5
  1035 | D:2      | Found a white marble altar of Elyvilon.
  1056 | D:2      | Reached ** piety under Lugonu
  1118 | D:2      | Found a faded altar of an unknown god.
  1118 | D:2      | Found a faded altar of an unknown god.
  1123 | D:2      | Found a faded altar of an unknown god.
  1130 | D:2      | Found a radiant altar of Vehumet.
  1131 | D:2      | Found a faded altar of an unknown god.
  1197 | D:2      | Found a basalt altar of Yredelemnul.
  1273 | D:2      | Gained mutation: You are partially covered in rugged brown scales. (AC +1, +3% HP) [demonic ancestry]
  1273 | D:2      | Reached XP level 5. HP: 38/47 MP: 6/6
  1291 | D:2      | Reached skill level 6 in Fighting
  1407 | D:3      | HP: 2/47 [orc priest/divine providence (12)]
  1408 | D:3      | Killed by a spatial distortion

Skill      XL: |  1  2  3  4  5 |
---------------+----------------+-----
Fighting       | 4 5 6 |  6.2
Axes           | |  1.7
Armour         | |  1.7
Dodging        | |  0.8
Invocations    | |  2.4

Action                   |  1- 3 |  4- 6 || total
-------------------------+-------+-------++-------
Melee: Hand axe          |   119 |   127 ||   246
Invok: Depart the Abyss  |     1 |       ||     1
  Use: Potion            |     5 |     3 ||     8
       Scroll            |     5 |       ||     5
  Eat: Bread ration      |       |     1 ||     1
Armor: Plate armour      |   148 |    94 ||   242
       Leather armour    |     6 |       ||     6
Dodge: Dodged            |    27 |    38 ||    65
